TOP OF THE 1ST |
Provo Mango batting - Pitching for Myrtle Beach Seahawks : RHP Raneem Zogby
|
Pitching: RHP Raneem Zogby
|
|
Batting: SHB Yun-qi Chien
|
0-0: Swinging Strike 0-1: Fly out, F8 (Flyball, 89D)
|
Batting: RHB Michael Sweeney
|
0-0: Ball 1-0: Called Strike 1-1: Ball 2-1: Ball 3-1: Fly out, F8 (Flyball, 8RM)
|
Batting: RHB Francisco Guerra
|
0-0: Ball 1-0: Fly out, F9 (Flyball, 89M)
|
Top of the 1st over - 0 run(s), 0 hit(s), 0 error(s), 0 left on base; Provo 0 - Myrtle Beach 0 |
BOTTOM OF THE 1ST |
Myrtle Beach Seahawks batting - Pitching for Provo Mango : RHP Toddster Gordo
|
Pitching: RHP Toddster Gordo
|
|
Batting: RHB Borja Berrios
|
0-0: Ball 1-0: Ball 2-0: Fly out, F5 (Popup, 5D)
|
Batting: RHB Chan-Wook Park
|
0-0: Foul Ball, location: 2F 0-1: Called Strike 0-2: Ball 1-2: Strikes out swinging
|
Batting: RHB Aaron Dixon
|
0-0: Ball 1-0: Foul Ball, location: 2F 1-1: Ground out 6-3 (Groundball, 6)
|
Bottom of the 1st over - 0 run(s), 0 hit(s), 0 error(s), 0 left on base; Provo 0 - Myrtle Beach 0 |
TOP OF THE 2ND |
Provo Mango batting - Pitching for Myrtle Beach Seahawks : RHP Raneem Zogby
|
Batting: RHB Takechi Okubo
|
0-0: Foul Ball, location: 2F 0-1: Ball 1-1: Ball 2-1: Called Strike 2-2: Foul Ball, location: 2F 2-2: Strikes out swinging
|
Batting: LHB Jin-song Seah
|
0-0: Ground out U3 (Groundball, 34)
|
Batting: RHB Guillermo Carrizales
|
0-0: Ground out 5-3 (Groundball, 5S)
|
Top of the 2nd over - 0 run(s), 0 hit(s), 0 error(s), 0 left on base; Provo 0 - Myrtle Beach 0 |
BOTTOM OF THE 2ND |
Myrtle Beach Seahawks batting - Pitching for Provo Mango : RHP Toddster Gordo
|
Batting: RHB Turner Buccigross
|
0-0: Ball 1-0: Ball 2-0: Called Strike 2-1: Swinging Strike 2-2: Ball 3-2: Base on Balls
|
Batting: RHB Reece Cockin
|
0-0: Ball Turner Buccigross is caught stealing 2nd base 1-0: Ball 2-0: Foul Ball, location: 2F 2-1: Foul Ball, location: 2F 2-2: Ball 3-2: Base on Balls
|
Batting: LHB Kelly Drijver
|
0-0: Swinging Strike 0-1: Ball 1-1: Ball 2-1: Ball 3-1: Foul Ball, location: 2F 3-2: Base on Balls Reece Cockin to second
|
Batting: RHB Gregory Shankland
|
0-0: Called Strike 0-1: Grounds into double play, 6-4-3 (Groundball, 6)
|
Bottom of the 2nd over - 0 run(s), 0 hit(s), 0 error(s), 1 left on base; Provo 0 - Myrtle Beach 0 |
TOP OF THE 3RD |
Provo Mango batting - Pitching for Myrtle Beach Seahawks : RHP Raneem Zogby
|
Batting: SHB Hong Wei Cao
|
0-0: Fly out, F8 (Flyball, 8LM)
|
Batting: SHB Tommy Dreamer
|
0-0: Called Strike 0-1: Ball 1-1: Swinging Strike 1-2: Ball 2-2: Strikes out swinging
|
Batting: LHB Tom Haymon
|
0-0: Called Strike 0-1: Called Strike 0-2: Ball 1-2: Foul Ball, location: 2F 1-2: Foul Ball, location: 2F 1-2: Strikes out swinging
|
Top of the 3rd over - 0 run(s), 0 hit(s), 0 error(s), 0 left on base; Provo 0 - Myrtle Beach 0 |
BOTTOM OF THE 3RD |
Myrtle Beach Seahawks batting - Pitching for Provo Mango : RHP Toddster Gordo
|
Batting: RHB Alejandro Santiago
|
0-0: Called Strike 0-1: Ball 1-1: Ball 2-1: Called Strike 2-2: Fly out, F9 (Flyball, 9LS)
|
Batting: RHB Jesús Amador
|
0-0: Swinging Strike 0-1: Fly out, F3 (Popup, 3S)
|
Batting: RHB Borja Berrios
|
0-0: Ball 1-0: SINGLE (Groundball, 56D)
|
Batting: RHB Chan-Wook Park
|
0-0: Ball 1-0: Foul Ball, location: 2F 1-1: Swinging Strike 1-2: Foul Ball, location: 2F 1-2: SINGLE (Flyball, 9LS) Borja Berrios to second Runner from 2nd tries for 3rd, SAFE, no throw
|
Batting: RHB Aaron Dixon
|
0-0: Ball 1-0: Foul Ball, location: 2F 1-1: Ball 2-1: Ball 3-1: Base on Balls Chan-Wook Park to second
|
Batting: RHB Turner Buccigross
|
0-0: Called Strike 0-1: Ground out 5-3 (Groundball, 56S)
|
Bottom of the 3rd over - 0 run(s), 2 hit(s), 0 error(s), 3 left on base; Provo 0 - Myrtle Beach 0 |
TOP OF THE 4TH |
Provo Mango batting - Pitching for Myrtle Beach Seahawks : RHP Raneem Zogby
|
Batting: SHB Yun-qi Chien
|
0-0: Ball 1-0: Ball 2-0: Called Strike 2-1: Called Strike 2-2: Strikes out swinging
|
Batting: RHB Michael Sweeney
|
0-0: Ball 1-0: Fly out, F7 (Flyball, 7)
|
Batting: RHB Francisco Guerra
|
0-0: Called Strike 0-1: Fly out, F8 (Flyball, 8LS)
|
Top of the 4th over - 0 run(s), 0 hit(s), 0 error(s), 0 left on base; Provo 0 - Myrtle Beach 0 |
BOTTOM OF THE 4TH |
Myrtle Beach Seahawks batting - Pitching for Provo Mango : RHP Toddster Gordo
|
Batting: RHB Reece Cockin
|
0-0: Ball 1-0: Swinging Strike 1-1: Swinging Strike 1-2: Ball 2-2: Ball 3-2: Base on Balls
|
Batting: LHB Kelly Drijver
|
0-0: TRIPLE (Flyball, 89XD) Reece Cockin scores
|
Batting: RHB Gregory Shankland
|
0-0: SINGLE (Flyball, 8RS) Kelly Drijver scores
|
Batting: RHB Alejandro Santiago
|
0-0: Called Strike 0-1: Ball 1-1: Ball 2-1: Foul Ball, location: 2F 2-2: Foul Ball, location: 2F 2-2: SINGLE (Line Drive, 34) Gregory Shankland to second
|
Batting: RHB Jesús Amador
|
0-0: Ball 1-0: Ground out 5-3 (Groundball, 56S) Gregory Shankland to third Alejandro Santiago to second
|
Batting: RHB Borja Berrios
|
0-0: Fly out, F8 (Flyball, 8LM)
|
Batting: RHB Chan-Wook Park
|
0-0: Ball 1-0: Swinging Strike 1-1: Ball 2-1: Ball 3-1: Foul Ball, location: 2F 3-2: Base on Balls
|
Batting: RHB Aaron Dixon
|
0-0: Called Strike 0-1: Fly out, F8 (Line Drive, 78D)
|
Bottom of the 4th over - 2 run(s), 3 hit(s), 0 error(s), 3 left on base; Provo 0 - Myrtle Beach 2 |
TOP OF THE 5TH |
Provo Mango batting - Pitching for Myrtle Beach Seahawks : RHP Raneem Zogby
|
Batting: RHB Takechi Okubo
|
0-0: Ball 1-0: SOLO HOME RUN (Flyball, 89XD), Distance : 455 ft
|
Batting: LHB Jin-song Seah
|
0-0: SINGLE (Groundball, 6MD)
|
Batting: RHB Guillermo Carrizales
|
0-0: Ball 1-0: Fly out, F5 (Popup, 5L)
|
Batting: SHB Hong Wei Cao
|
0-0: Ball 1-0: Ball 2-0: Foul Ball, location: 2F 2-1: Foul Ball, location: 2F 2-2: Ball 3-2: Base on Balls Jin-song Seah to second
|
Batting: SHB Tommy Dreamer
|
0-0: Ball Jin-song Seah steals 3rd base Hong Wei Cao to second 1-0: SINGLE (Groundball, 15S) (infield hit)
|
Batting: LHB Tom Haymon
|
0-0: Ball 1-0: Swinging Strike 1-1: Ball 2-1: DOUBLE (Line Drive, 78M) Jin-song Seah scores Hong Wei Cao scores Tommy Dreamer to third Runner from 3rd tries for Home, SAFE, throw made at trailing runner, SAFE at third!
|
Batting: SHB Yun-qi Chien
|
0-0: Called Strike 0-1: Ball 1-1: Foul Ball, location: 2F 1-2: Strikes out swinging
|
Batting: RHB Michael Sweeney
|
0-0: Ball 1-0: Called Strike 1-1: Foul Ball, location: 2F 1-2: Ball 2-2: Ball 3-2: Base on Balls
|
Batting: RHB Francisco Guerra
|
0-0: Swinging Strike 0-1: Hit by Pitch Michael Sweeney to second
|
Batting: RHB Takechi Okubo
|
0-0: Called Strike 0-1: Fly out, F9 (Flyball, 89M)
|
Top of the 5th over - 4 run(s), 4 hit(s), 0 error(s), 3 left on base; Provo 4 - Myrtle Beach 2 |
BOTTOM OF THE 5TH |
Myrtle Beach Seahawks batting - Pitching for Provo Mango : RHP Toddster Gordo
|
Batting: RHB Turner Buccigross
|
0-0: Foul Ball, location: 2F 0-1: Foul Ball, location: 2F 0-2: Ball 1-2: Fly out, F7 (Flyball, 78M)
|
Batting: RHB Reece Cockin
|
0-0: Ball 1-0: Called Strike 1-1: Foul Ball, location: 2F 1-2: Ball 2-2: Ball 3-2: Foul Ball, location: 2F 3-2: Base on Balls
|
Batting: LHB Kelly Drijver
|
0-0: Ball 1-0: Fly out, F9 (Flyball, 9)
|
Batting: RHB Gregory Shankland
|
0-0: Called Strike 0-1: Ball 1-1: Foul Ball, location: 2F 1-2: Ball Wild Pitch! Reece Cockin to second 2-2: Ball 3-2: Foul Ball, location: 2F 3-2: Foul Ball, location: 2F 3-2: Base on Balls
|
Batting: RHB Alejandro Santiago
|
0-0: Fly out, F5 (Line Drive, 5)
|
Bottom of the 5th over - 0 run(s), 0 hit(s), 0 error(s), 2 left on base; Provo 4 - Myrtle Beach 2 |
TOP OF THE 6TH |
Provo Mango batting - Pitching for Myrtle Beach Seahawks : RHP Raneem Zogby
|
Batting: LHB Jin-song Seah
|
0-0: Called Strike 0-1: Ball 1-1: Ball 2-1: SINGLE (Groundball, 34D)
|
Batting: RHB Guillermo Carrizales
|
0-0: Fly out, F8 (Flyball, 8LM)
|
Batting: SHB Hong Wei Cao
|
0-0: Ball 1-0: Ball 2-0: Ground out U3 (Groundball, 34S) Jin-song Seah to second
|
Batting: SHB Tommy Dreamer
|
0-0: Called Strike 0-1: Ball 1-1: Swinging Strike 1-2: Ball 2-2: Strikes out swinging
|
Top of the 6th over - 0 run(s), 1 hit(s), 0 error(s), 1 left on base; Provo 4 - Myrtle Beach 2 |
BOTTOM OF THE 6TH |
Myrtle Beach Seahawks batting - Pitching for Provo Mango : RHP Toddster Gordo
|
Batting: RHB Jesús Amador
|
0-0: Foul Ball, location: 2F 0-1: Ground out 4-3 (Groundball, 4M)
|
Batting: RHB Borja Berrios
|
0-0: Ball 1-0: Ball 2-0: Ground out 4-3 (Groundball, 4MD)
|
Batting: RHB Chan-Wook Park
|
0-0: Called Strike 0-1: Ball 1-1: Called Strike 1-2: Ball 2-2: Strikes out swinging
|
Bottom of the 6th over - 0 run(s), 0 hit(s), 0 error(s), 0 left on base; Provo 4 - Myrtle Beach 2 |
TOP OF THE 7TH |
Provo Mango batting - Pitching for Myrtle Beach Seahawks : RHP Raneem Zogby
|
Pitching: LHP Carlos González
|
|
Batting: LHB Tom Haymon
|
0-0: Called Strike 0-1: Called Strike 0-2: Ball 1-2: Strikes out swinging
|
Batting: SHB Yun-qi Chien
|
0-0: Ball 1-0: Foul Ball, location: 2F 1-1: Foul Ball, location: 2F 1-2: Strikes out swinging
|
Batting: RHB Michael Sweeney
|
0-0: Ball 1-0: Called Strike 1-1: Ball 2-1: Foul Ball, location: 2F 2-2: Foul Ball, location: 2F 2-2: Foul Ball, location: 2F 2-2: Foul Ball, location: 2F 2-2: Foul Ball, location: 2F 2-2: Foul Ball, location: 2F 2-2: Ball 3-2: SINGLE (Line Drive, 4D)
|
Batting: RHB Francisco Guerra
|
0-0: Swinging Strike 0-1: Ball 1-1: Foul Ball, location: 2F 1-2: Ball 2-2: Foul Ball, location: 2F 2-2: Ball 3-2: Base on Balls Michael Sweeney to second
|
Batting: RHB Takechi Okubo
|
0-0: Ball 1-0: Foul Ball, location: 2F 1-1: Ball 2-1: Called Strike 2-2: Ball 3-2: Base on Balls Michael Sweeney to third Francisco Guerra to second
|
Pinch Hitting: RHB António Marquis
|
0-0: Ball 1-0: Ball 2-0: Ball 3-0: Base on Balls Michael Sweeney scores Francisco Guerra to third Takechi Okubo to second
|
Batting: RHB Guillermo Carrizales
|
0-0: Called Strike 0-1: Ball 1-1: Foul Ball, location: 2F 1-2: Fly out, F9 (Flyball, 9LS)
|
Top of the 7th over - 1 run(s), 1 hit(s), 0 error(s), 3 left on base; Provo 5 - Myrtle Beach 2 |
BOTTOM OF THE 7TH |
Myrtle Beach Seahawks batting - Pitching for Provo Mango : RHP Toddster Gordo
|
Now in RF: Andrés Garza
|
|
Batting: RHB Aaron Dixon
|
0-0: Ball 1-0: Foul Ball, location: 2F 1-1: Ball 2-1: Ball 3-1: Foul Ball, location: 2F 3-2: Foul Ball, location: 2F 3-2: Base on Balls
|
Pitching: LHP Nick Riviera
|
|
Batting: RHB Turner Buccigross
|
0-0: Fly out, F8 (Flyball, 8RS)
|
Batting: RHB Reece Cockin
|
0-0: Ball 1-0: Swinging Strike 1-1: Foul Ball, location: 2F 1-2: Ball 2-2: Strikes out looking
|
Batting: LHB Kelly Drijver
|
0-0: Ball 1-0: SINGLE (Groundball, 34D) Aaron Dixon to second Runner from 2nd tries for 3rd, OUT!
|
Bottom of the 7th over - 0 run(s), 1 hit(s), 0 error(s), 1 left on base; Provo 5 - Myrtle Beach 2 |
TOP OF THE 8TH |
Provo Mango batting - Pitching for Myrtle Beach Seahawks : LHP Carlos González
|
Batting: SHB Hong Wei Cao
|
0-0: Called Strike 0-1: Ball 1-1: Swinging Strike 1-2: Ball 2-2: Foul Ball, location: 2F 2-2: Strikes out swinging
|
Batting: SHB Tommy Dreamer
|
0-0: Ball 1-0: Ball 2-0: Ball 3-0: Base on Balls
|
Batting: LHB Tom Haymon
|
0-0: Ball 1-0: Swinging Strike 1-1: Called Strike 1-2: Ball 2-2: Fly out, F4 (Line Drive, 4)
|
Batting: SHB Yun-qi Chien
|
0-0: Ball 1-0: Fielders Choice at 2nd, 4-6 (Groundball, 34)
|
Top of the 8th over - 0 run(s), 0 hit(s), 0 error(s), 0 left on base; Provo 5 - Myrtle Beach 2 |
BOTTOM OF THE 8TH |
Myrtle Beach Seahawks batting - Pitching for Provo Mango : LHP Nick Riviera
|
Batting: RHB Gregory Shankland
|
0-0: Ball 1-0: Foul Ball, location: 2F 1-1: Foul Ball, location: 2F 1-2: Foul Ball, location: 2F 1-2: Ball 2-2: Fly out, F8 (Flyball, 8RM)
|
Batting: RHB Alejandro Santiago
|
0-0: Foul Ball, location: 2F 0-1: Foul Ball, location: 2F 0-2: Ball 1-2: Ball 2-2: Ball 3-2: SINGLE (Groundball, 34D)
|
Pitching: RHP Savon Scarver
|
|
Batting: RHB Jesús Amador
|
0-0: Ball 1-0: Foul Ball, location: 2F 1-1: SINGLE (Groundball, 6) (infield hit) Alejandro Santiago to second
|
Batting: RHB Borja Berrios
|
0-0: Ball 1-0: Ball 2-0: Foul Ball, location: 2F 2-1: Ball 3-1: SINGLE (Groundball, 6D) Alejandro Santiago to third Jesús Amador to second Runner from 3rd tries for Home, SAFE, throw made home
|
Batting: RHB Chan-Wook Park
|
0-0: Called Strike 0-1: Swinging Strike 0-2: Ball 1-2: Ball 2-2: SINGLE (Flyball, 9LS) Jesús Amador to third Borja Berrios to second Runner from 3rd tries for Home, SAFE, no throw
|
Pinch Hitting: SHB Álex Castillo
|
0-0: Ball 1-0: Called Strike 1-1: Fly out, F9 (Flyball, 9LM) Runner from 2nd tags up, SAFE at 3rd with throw
|
Batting: RHB Turner Buccigross
|
0-0: Ball 1-0: Called Strike 1-1: Ball 2-1: Called Strike 2-2: SINGLE (Line Drive, 78S) Borja Berrios scores Chan-Wook Park to second
|
Pinch Hitting: LHB Félix Boscocuro
|
0-0: Ball 1-0: SINGLE (Groundball, 34S) (infield hit) Chan-Wook Park to third Turner Buccigross to second
|
Batting: LHB Kelly Drijver
|
0-0: Called Strike 0-1: Ball 1-1: Called Strike 1-2: Ball 2-2: DOUBLE (Line Drive, 78D) Chan-Wook Park scores Turner Buccigross scores Félix Boscocuro to third Runner from 3rd tries for Home, SAFE, throw made at trailing runner, SAFE at third!
|
Pitching: RHP Edmund Blackadder
|
|
Batting: RHB Gregory Shankland
|
0-0: Ball 1-0: Ball 2-0: Ball 3-0: Called Strike 3-1: Base on Balls
|
Batting: RHB Alejandro Santiago
|
0-0: Ball 1-0: Swinging Strike 1-1: Swinging Strike 1-2: Fly out, F5 (Line Drive, 56)
|
Bottom of the 8th over - 6 run(s), 7 hit(s), 0 error(s), 2 left on base; Provo 5 - Myrtle Beach 8 |
TOP OF THE 9TH |
Provo Mango batting - Pitching for Myrtle Beach Seahawks : LHP Carlos González
|
Pitching: RHP Greyfriars Bobby
|
|
Now at SS: Álex Castillo
|
|
Now in RF: Aquiles Morda
|
|
Batting: RHB Michael Sweeney
|
0-0: Ball 1-0: Called Strike 1-1: Foul Ball, location: 2F 1-2: Foul Ball, location: 2F 1-2: Ball 2-2: Foul Ball, location: 2F 2-2: Ball 3-2: Base on Balls
|
Batting: RHB Francisco Guerra
|
0-0: Ball 1-0: Called Strike 1-1: Foul Ball, location: 2F 1-2: Strikes out swinging
|
Batting: RHB Takechi Okubo
|
0-0: Called Strike Pickoff Throw to First - Error! E1 Michael Sweeney to second 0-1: Ball 1-1: Called Strike 1-2: Foul Ball, location: 2F 1-2: SINGLE (Groundball, 56D) Michael Sweeney to third
|
Pinch Hitting: LHB Jim Unknown
|
0-0: Called Strike 0-1: Called Strike 0-2: Ball 1-2: Strikes out swinging
|
Pinch Hitting: LHB Jim Unknown
|
0-0: Called Strike 0-1: Foul Ball, location: 2F 0-2: Foul Ball, location: 2F Balk! Michael Sweeney scores Takechi Okubo to second 0-2: Ball 1-2: Ball 2-2: Ball 3-2: Foul Ball, location: 2F 3-2: Base on Balls
|
Batting: SHB Hong Wei Cao
|
0-0: Fly out, F9 (Line Drive, 9)
|
Top of the 9th over - 1 run(s), 1 hit(s), 1 error(s), 2 left on base; Provo 6 - Myrtle Beach 8 |
|